 Dungeon Crawl Stone Soup version 0.31-a0-232-gb1c03b2570 (webtiles) character file.

Game seed: 3502743093583293222

233 qw the Shooter (level 6, 0/37 HPs)
             Began as a Gargoyle Hexslinger on July 7, 2023.
             Slain by an orc
             ... wielding a +0 mace
              (7 damage)
             ... on level 3 of the Dungeon.
             The game lasted 00:01:05 (2470 turns).

qw the Shooter (Gargoyle Hexslinger)                Turns: 2470, Time: 00:01:06

Health: 0/37       AC: 10    Str: 11    XL:     6   Next: 4%
Magic:  7/7        EV: 11    Int: 14    God:
Gold:   122        SH:  0    Dex: 14    Spells: 6/7 levels left

rFire   + . .        Y - +1 sling (elec)
rCold   . . .        (no shield)
rNeg    + + .        f - +0 leather armour {rC+}
rPois   inf          i - +0 helmet
rElec   +            (no cloak)
rCorr   .            g - +0 pair of gloves
SInv    .            h - +0 pair of boots
Will    .....        (no amulet)
Stlth   +            b - ring of Foexuq {Fire rN+}
HPRegen 0.26/turn    (no ring)
MPRegen 0.10/turn

%: no passive effects
@: no status effects
A: sickness immunity, AC +4, negative energy resistance 1, electricity
resistance, torment resistance 1, petrification resistance
a: no special abilities


You were on level 3 of the Dungeon.
You visited 1 branch of the dungeon, and saw 4 of its levels.

You collected 122 gold pieces.


Innate Abilities, Weirdness & Mutations

You are immune to sickness and miasma.
Your stone body is resilient. (AC +4)
You are immune to poison.
You resist negative energy. (rN+)
You are resistant to electric shocks. (rElec)
You are resistant to unholy torment.
You are immune to petrification.


   Skills:
 - Level 3.4 Fighting
 + Level 5.0 Ranged Weapons
 - Level 1.2 Armour
 - Level 1.5 Dodging
 - Level 1.0 Spellcasting
 - Level 2.6 Hexes


You had 6 spell levels left.
You knew the following spells:

 Your Spells              Type           Power      Damage    Failure   Level
a - Slow                  Hex            32%        N/A       12%         1

Your spell library contained the following spells:

 Spells                   Type           Power      Damage    Failure   Level
 Inner Flame              Hex/Fire       6%         N/A       52%         3
 Portal Projectile        Hex/Tloc       8%         N/A       52%         3
 Cause Fear               Hex            4%         N/A       75%         4

Inventory:

Hand Weapons
 Y - a +1 sling of electrocution (weapon)
Armour
 d - a +0 ring mail
 f - a +0 leather armour of cold resistance (worn)
 g - a +0 pair of gloves (worn)
 h - a +0 pair of boots (worn)
 i - a +0 helmet (worn)
Jewellery
 b - the ring of Foexuq (left hand) {Fire rN+}
   (You acquired it on level 2 of the Dungeon)

   [ring of fire]

   It enhances your fire magic.
   rF:        It protects you from fire.
   rC:        It makes you vulnerable to cold.
   rN:        It protects you from negative energy.
Potions
 a - a potion of berserk rage {unknown}
 j - a potion of enlightenment {unknown}
 k - a potion of heal wounds {unknown}

Dungeon Overview and Level Annotations

Branches:
Dungeon (4/15)
 Temple: D:4-7

Altars:
Ru

Shops:
D:1 :   D:4 *


Message History

The orc hits you but does no damage.
You shoot a sling bullet.
The sling bullet closely misses the orc wizard.
The orc hits you but does no damage. The orc hits you with a +0 mace.
The orc wizard casts a spell at you. You resist with some effort.
The orc barely misses you.
You shoot a sling bullet. The sling bullet hits the orc wizard.
The orc wizard is heavily wounded.
The orc hits you with a +0 club. The orc barely misses you.
The orc wizard hits you but does no damage.
The orc completely misses you.
You shoot a sling bullet.
The sling bullet closely misses the orc wizard.
The orc barely misses you. The orc completely misses you.
The orc wizard hits you with a +0 dagger.
The orc barely misses you.
You shoot a sling bullet.
The sling bullet hits the orc wizard but does no damage.
The orc wizard is heavily wounded.
The orc hits you with a +0 club. The orc closely misses you.
The orc wizard casts a spell at you.
The puff of flame hits you but does no damage.
The orc barely misses you.
You shoot a sling bullet. The sling bullet hits the orc wizard!
The orc wizard is almost dead.
The orc closely misses you. The orc hits you with a +0 mace.
The orc barely misses you.
The orc wizard mumbles some strange words.
The orc wizard flickers and vanishes!
Deactivating autopickup; reactivate with Ctrl-A.
The orc hits you but does no damage. x2; The orc hits you with a +0 mace.
Something hits you but does no damage.
You shoot a sling bullet.
The sling bullet hits the orc but does no damage.
The orc hits you with a +0 club. The orc barely misses you.
Something hits you but does no damage. The orc barely misses you.
You shoot a sling bullet. The sling bullet hits the orc.
The orc is almost dead.
The orc hits you with a +0 club. The orc hits you with a +0 mace!
You die...

#..##.# ##.#.# ##.......####
...##.########....###.........###
....................'.........'..
...##.##.####.....#.#.........###
..###[##.# #.#.#.#.##.......##
......##)# #.##..#.###.....##
)....###.# #.##.##.# ##...##
<..#.# #.# ##.##o##.#####'##
.###.# #.# #...o@{........#
.###.###.# #.###o##.####..####
.........# #(# #)##.# #.....#
####.##### #.# #.##.####.....#
#.# #.###.....##......#### #.#
#.........##.........# ####.#
#####.###.##.......... ....!#
#.###............# ######
#.............####


You could see 3 orcs.

Vanquished Creatures
  2 orc priests (D:3)
  7 gnolls (D:2)
  4 adders
  2 dart slugs (D:1)
  5 orcs
  5 ball pythons
  3 endoplasms
  3 giant cockroaches
  4 goblins
  7 hobgoblins
  8 kobolds
  2 quokkas
  8 bats
  2 frilled lizards
  5 rats
67 creatures vanquished.

Notes
Turn   | Place    | Note
-------+----------+-------------------------------------------
     0 | D:1      | qw the Gargoyle Hexslinger began the quest for the Orb.
     0 | D:1      | Reached XP level 1. HP: 12/12 MP: 2/2
     0 | D:1      | 0 ||| qw: Version: 0.3-a-46-gb1f654a
     0 | D:1      | 0 ||| qw: Game counter: 2620
     0 | D:1      | 0 ||| qw: Melee chars always use a shield: true
     0 | D:1      | 0 ||| qw: God list: Okawaru
     0 | D:1      | 0 ||| qw: Allow faded altars: false
     0 | D:1      | 0 ||| qw: Do Orc after clearing Dungeon:15 true
     0 | D:1      | 0 ||| qw: Do second Lair branch before Depths: true
     0 | D:1      | 0 ||| qw: Lair rune preference: random
     0 | D:1      | 0 ||| qw: Goals: Normal
     0 | D:1      | 0 ||| PLANNING D:1-11
    96 | D:1      | Reached XP level 2. HP: 16/16 MP: 3/3
   191 | D:1      | Reached skill level 3 in Ranged Weapons
   295 | D:1      | Found Racreton's Vocational Training.
   323 | D:1      | Reached XP level 3. HP: 21/21 MP: 4/4
   441 | D:1      | 441 ||| UPGRADING to +0 ring mail.
   451 | D:1      | 451 ||| DROPPING +0 robe.
   452 | D:1      | 452 ||| UPGRADING to +0 pair of gloves.
   457 | D:1      | 457 ||| UPGRADING to +0 pair of boots.
   462 | D:1      | 462 ||| UPGRADING to +0 helmet.
   467 | D:1      | 467 ||| READING 2 scrolls labelled GISTRU FIZO.
   472 | D:1      | 472 ||| READING scroll labelled PUSCHE FOUDWA.
   473 | D:1      | 473 ||| READING scroll labelled UKHLIS NAELLODI.
   474 | D:1      | 474 ||| DROPPING scroll of poison.
   566 | D:2      | Reached skill level 1 in Armour
   658 | D:2      | Reached XP level 4. HP: 7/26 MP: 5/5
   658 | D:2      | 658 ||| FLEEEEING.
   659 | D:2      | 659 ||| FLEEEEING.
   663 | D:2      | HP: 6/26 [hobgoblin (3)]
   664 | D:2      | 664 ||| READING scroll of teleportation.
   665 | D:2      | HP: 1/26 [gnoll/+0 flail (6)]
   822 | D:2      | Reached skill level 4 in Ranged Weapons
  1143 | D:2      | Reached XP level 5. HP: 15/30 MP: 6/6
  1313 | D:2      | 1313 ||| READING scroll labelled RUHIAV YCHIJO.
  1314 | D:2      | 1314 ||| READING scroll labelled CENUPE WUIFUUR.
  1315 | D:2      | 1315 ||| READING scroll labelled VIYTHU TAEGUO.
  1315 | D:2      | Identified a scroll of acquirement
  1315 | D:2      | 1315 ||| ACQUIRING ring of Foexuq {Fire rN+}
  1315 | D:2      | Acquired the ring of Foexuq {Fire rN+}
  1380 | D:3      | Reached skill level 5 in Ranged Weapons
  1391 | D:3      | 1391 ||| SWAPPING to +1 sling of electrocution.
  1392 | D:3      | 1392 ||| DROPPING +2 sling.
  1694 | D:3      | Found a sacrificial altar of Ru.
  2018 | D:3      | Reached skill level 3 in Fighting
  2018 | D:3      | Reached XP level 6. HP: 37/37 MP: 7/7
  2328 | D:3      | 2328 ||| UPGRADING to +0 leather armour of cold resistance.
  2338 | D:3      | 2338 ||| UPGRADING to ring of Foexuq {Fire rN+}.
  2339 | D:3      | 2339 ||| READING 2 scrolls labelled XOPAAVA OC TEU.
  2340 | D:3      | 2340 ||| DRINKING 2 fizzy coppery potions.
  2341 | D:3      | 2341 ||| DROPPING scroll of immolation.
  2342 | D:3      | 2342 ||| DROPPING potion of attraction.
  2369 | D:4      | Found Qebux's General Store.
  2373 | D:4      | 2373 ||| STAIRDANCE
  2457 | D:4      | 2457 ||| STAIRDANCE
  2469 | D:3      | HP: 8/37 [orc/+0 club (2)]
  2470 | D:3      | Slain by an orc

Levels and vault maps discovered:
D:1:      sevenhm_arrival_forest_fort_small_5, layout_rooms,
          nicolae_shop_vocational
D:2:      minmay_diamond_boxcup, layout_loops_ring
D:3:      layout_loops_corners, nicolae_overflow_hidden_temple
D:4:      minmay_angry_zag, layout_rooms, mainiacjoe_overflow_cross_hatched,
          tgw_xom, nicolae_stop_n_shop_1, chequers_arboretum,
          amcnicky_mini_pool_small

Skill      XL: |  1  2  3  4  5 |
---------------+----------------+-----
Ranged Weapons | 3 4 5 |  5.0
Fighting       | 2 3 |  3.4
Armour         | 1 |  1.2
Dodging        | |  1.5
Spellcasting   | |  1.0
Hexes          | |  2.6

Action                     |  1- 3 |  4- 6 || total
---------------------------+-------+-------++-------
   Fire: Sling             |    99 |   165 ||   264
    Use: Scroll            |     3 |     5 ||     8
         Potion            |       |     1 ||     1
 Armour: Robe              |    12 |       ||    12
         Ring mail         |     5 |    54 ||    59
         Leather armour    |       |    19 ||    19
  Dodge: Dodged            |    27 |    85 ||   112

Table legend:
 A = Non-vault XP
 B = Vault XP
 C = Vault XP percentage of total XP
 D = Non-vault monster count
 E = Vault monster count
 F = Vault count percentage of total count
                 A         B        C        D         E       F
            +---------+---------+-------+---------+---------+-------
      Total |     308 |      25 |   7.5 |      58 |       9 |  13.4
            +---------+---------+-------+---------+---------+-------
        D:1 |      40 |       0 |   0.0 |      21 |       0 |   0.0
        D:2 |     128 |      25 |  16.3 |      18 |       9 |  33.3
        D:3 |     137 |       0 |   0.0 |      18 |       0 |   0.0
        D:4 |       3 |       0 |   0.0 |       1 |       0 |   0.0
            +---------+---------+-------+---------+---------+-------
